 Dungeon Crawl Stone Soup version 0.22.1 (webtiles) character file.

1029 Korosensei the Nimble (level 8, -8/43 (45) HPs)
             Began as an Octopode Assassin on Sept 18, 2018.
             Was an Initiate of Hepliaklqana.
             Killed from afar by Dowan (19 damage)
             ... with a shard of ice
             ... on level 5 of the Dungeon.
             The game lasted 00:09:13 (5492 turns).

Korosensei the Nimble (Octopode Assassin)           Turns: 5492, Time: 00:09:14

HP:   -8/43 (45)    AC:  1    Str: 10    XL:     8   Next: 23%
MP:   8/8           EV: 19    Int: 14    God:    Hepliaklqana [......]
Gold: 209           SH:  0    Dex: 15    Spells: 7/7 levels left

rFire    . . .     SeeInvis .   a - +2 dagger
rCold    . . .     Gourm    .   (no shield)
rNeg     . . .     Faith    .   (helmet restricted)
rPois    .         Spirit   .   (no amulet)
rElec    .         Reflect  .   (no ring)
rCorr    .         Harm     .   (no ring)
MR       .....                  (no ring)
Stlth    ++++......             (no ring)
HPRegen  0.14/turn              (no ring)
MPRegen  0.11/turn              (no ring)
                                (no ring)
                                (no ring)

@: no status effects
A: almost no armour, stealthy swim, amphibious, 8 rings, constrict 8, reduced
essence, camouflage 1, gelatinous body 1
a: Recall Ancestor, Ancestor Identity, Renounce Religion


You were on level 5 of the Dungeon.
You worshipped Hepliaklqana.
Hepliaklqana was noncommittal.
You were not hungry.

You visited 2 branches of the dungeon, and saw 6 of its levels.

You collected 239 gold pieces.
You spent 30 gold pieces at shops.

Inventory:

Hand Weapons
 a - a +2 dagger (weapon)
 b - a +0 blowgun
Missiles
 c - 18 poisoned needles
 d - 2 curare-tipped needles
Jewellery
 s - an uncursed ring of wizardry {unknown}
Wands
 x - a wand of flame (35)
Scrolls
 g - 2 scrolls of fog {unknown}
 h - 4 scrolls of identify {unknown}
 i - a scroll of random uselessness {unknown}
 j - 5 scrolls of teleportation
 m - 2 scrolls of blinking {unknown}
 n - 2 scrolls of remove curse {unknown}
 r - a scroll of amnesia {unknown}
 v - a scroll of magic mapping {unknown}
 w - a scroll of enchant armour {unknown}
Potions
 e - 3 potions of heal wounds {unknown}
 k - 2 potions of flight {unknown}
 l - a potion of magic {unknown}
 o - 2 potions of curing {unknown}
 p - 2 potions of haste {unknown}
 q - 2 potions of agility {unknown}
 t - a potion of might {unknown}
 u - 2 potions of degeneration {unknown}
 z - a potion of mutation {unknown}
Comestibles
 f - 4 rations
 A - 3 chunks of flesh


   Skills:
 - Level 2.0 Fighting
 - Level 2.0 Short Blades
 - Level 2.0 Throwing
 + Level 9.4 Dodging
 - Level 5.3 Stealth


You had 7 spell levels left.
You didn't know any spells.
Your spell library was empty.

Dungeon Overview and Level Annotations

Branches:
Dungeon (5/15)             Temple (1/1) D:5

Altars:
Cheibriados
Fedhas
Hepliaklqana
Kikubaaqudgha
Wu Jian
Xom
Zin
The Shining One

Shops:
D:4 *   D:5 =

Annotations:
D:2 exclusion: 2 downstairs
D:4 3 runed doors, raetorn's ghost, amateur DgCj
D:5 Dowan


Innate Abilities, Weirdness & Mutations

You cannot wear most types of armour.
You are very stealthy in the water. (Stealth+)
You are amphibious.
You can wear up to eight rings at the same time.
You can use your tentacles to constrict eight enemies at once.
Your skin changes colour to match your surroundings (Stealth+).
Your rubbery body absorbs attacks. (AC +1, EV +1)
Your life essence is reduced to manifest your ancestor. (-10% HP)


Message History

Dowan barely misses you.
You hit Dowan.
Dowan is almost dead.
You constrict Dowan.
Dowan gestures wildly while chanting.
Dowan blinks free!
Dowan gestures at you while chanting. The stone arrow misses you.
You are too injured to fight recklessly!
You are too injured to fight recklessly!
Dowan hits you with a dagger of speed.
You miss Dowan. Your grab misses Dowan.
Dowan is almost dead.
Dowan hits you with a dagger of speed. x2
* * * LOW HITPOINT WARNING * * *
You barely miss Dowan. Your grab misses Dowan.
Dowan is almost dead.
Dowan casts a spell at you. The shard of ice hits you!
You die...

# #
##############
##
###.............
#.
.##.<##########.
#.#e....# #.
#.@.# #. ##.##
####. #)# #....
#.# ..### #.#
#.# #># #.#
#.#######.


You could see Dowan.

Vanquished Creatures
  Grinder (D:3)
  Eustachio (D:5)
  An ice beast (D:5)
  A necrophage (D:2)
  A bullfrog zombie (D:5)
  2 bullfrog skeletons (D:5)
  Terence (D:2)
  Natasha (thrice) (D:2)
  A worker ant (D:4)
  Ijyb (D:5)
  6 adders
  2 oozes
  4 worms
  3 leopard geckos
  7 orcs
  9 bats
  5 giant cockroaches
  10 hobgoblins
  13 jackals
  5 kobolds
  A ball python (D:2)
  7 frilled lizards
  6 goblins
  A quokka zombie (D:3)
  6 rats
98 creatures vanquished.

Vanquished Creatures (collateral kills)
  Duvessa (D:5)
  A shadow imp (D:5)
  A jackal (D:5)
3 creatures vanquished.

Vanquished Creatures (others)
  An ancestor (D:5)
1 creature vanquished.

Grand Total: 102 creatures vanquished

Notes
Turn   | Place    | Note
-------+----------+-------------------------------------------
     0 | D:1      | Korosensei the Octopode Assassin began the quest for the
                  | Orb.
     0 | D:1      | Reached XP level 1. HP: 14/14 MP: 1/1
   406 | D:1      | Reached skill level 2 in Dodging
   406 | D:1      | Reached XP level 2. HP: 19/19 MP: 2/2
   639 | D:1      | Reached XP level 3. HP: 12/24 MP: 3/3
   642 | D:1      | Reached skill level 3 in Dodging
  1061 | D:2      | Noticed a necrophage
  1072 | D:2      | Killed a necrophage
  1072 | D:2      | Reached skill level 4 in Dodging
  1072 | D:2      | Reached XP level 4. HP: 10/27 MP: 4/4
  1072 | D:2      | Reached XP level 5. HP: 11/32 MP: 5/5
  1777 | D:2      | Noticed Terence
  1779 | D:2      | Reached skill level 5 in Dodging
  1789 | D:2      | Killed Terence
  1841 | D:2      | Noticed Natasha
  1849 | D:2      | Killed Natasha
  1975 | D:2      | Noticed Natasha
  1986 | D:2      | Killed Natasha
  1986 | D:2      | Reached XP level 6. HP: 35/37 MP: 6/6
  2196 | D:2      | Noticed Natasha
  2201 | D:2      | Killed Natasha
  2201 | D:2      | Reached skill level 6 in Dodging
  2415 | D:3      | Noticed Grinder
  2486 | D:3      | Paralysed by Grinder for 4 turns
  2504 | D:3      | Paralysed by Grinder for 5 turns
  3256 | D:3      | Killed Grinder
  3256 | D:3      | Reached skill level 7 in Dodging
  3256 | D:3      | Reached XP level 7. HP: 6/43 MP: 7/7
  3572 | D:4      | Found a shimmering altar of Xom.
  3759 | D:4      | Found Seora's General Store.
  3760 | D:4      | Found a runed gate.
  3760 | D:4      | Found a runed gate.
  3760 | D:4      | Found a runed gate.
  3767 | D:4      | Bought a scroll of teleportation for 30 gold pieces
  4050 | D:4      | Noticed raetorn's ghost (amateur DgCj)
  4428 | D:5      | Entered Level 5 of the Dungeon
  4486 | D:5      | Found a blossoming altar of Fedhas.
  4486 | D:5      | Noticed Eustachio
  4488 | D:5      | Noticed a yak
  4937 | D:5      | Noticed Ijyb
  4947 | D:5      | Killed Ijyb
  5018 | D:5      | Found Iqyot's Jewellery Shop.
  5061 | D:5      | Found a staircase to the Ecumenical Temple.
  5067 | D:5      | Reached skill level 8 in Dodging
  5128 | D:5      | Noticed Dowan
  5166 | D:5      | Noticed a yak
  5166 | D:5      | Noticed a yak
  5166 | D:5      | Noticed a yak
  5190 | Temple   | Entered the Ecumenical Temple
  5204 | Temple   | Became a worshipper of Hepliaklqana the Forgotten
  5294 | D:5      | Killed Eustachio
  5294 | D:5      | Reached XP level 8. HP: 25/43 MP: 8/8
  5431 | D:5      | Reached skill level 9 in Dodging
  5459 | D:5      | Noticed Duvessa
  5474 | D:5      | Killed Duvessa
  5492 | D:5      | Killed from afar by Dowan

Skill      XL: |  1  2  3  4  5  6  7  8 |
---------------+-------------------------+-----
Dodging        | 2 4 5 7 8 9 |  9.4
Fighting       | |  2.0
Short Blades   | |  2.0
Throwing       | |  2.0
Stealth        | |  5.3

Action                   |  1- 3 |  4- 6 |  7- 9 || total
-------------------------+-------+-------+-------++-------
Melee: Dagger            |    64 |   134 |    85 ||   283
       Tentacles         |    13 |    24 |    18 ||    55
       Constrict         |    11 |    31 |    13 ||    55
 Stab: Sleeping          |     4 |    12 |     6 ||    22
  Eat: Chunk             |       |     6 |     2 ||     8
       Ration            |       |       |     2 ||     2
Armor: Skin              |     5 |     4 |     2 ||    11
Dodge: Dodged            |    31 |    94 |    52 ||   177
